 Dungeon Crawl Stone Soup version 0.29.1-14-g9c671dbff4 (webtiles) character file.

Game seed: 5675405896173688934

380 tizbic2 the Insei (level 6, -1/40 (42) HPs)
             Began as an Octopode Transmuter on Feb 14, 2023.
             Slain by a wight
             ... wielding a +3 war axe of freezing
              (4 damage)
             ... on level 4 of the Dungeon.
             The game lasted 00:11:30 (3005 turns).

tizbic2 the Insei (Octopode Transmuter)             Turns: 3005, Time: 00:11:31

HP:   -1/40 (42)    AC: 15    Str: 12    XL:     6   Next: 75%
MP:   9/9           EV: 13    Int: 15    God:
Gold: 153           SH:  0    Dex: 12    Spells: 3/9 levels left

rFire   . . .      SeeInvis .   e - +7 staff of the Meek {protect, meekguard}
rCold   . . .      Faith    .   (shield currently unavailable)
rNeg    . . .      Spirit   .   (helmet restricted)
rPois   .          Reflect  .   (no amulet)
rElec   .          Harm     .   (no ring)
rCorr   .          Rampage  .   (no ring)
Will    .....                   (no ring)
Stlth   ++........              (no ring)
HPRegen 0.13/turn               (no ring)
MPRegen 0.11/turn               (no ring)
                                (no ring)
                                (no ring)

@: under a protective aura, lightly drained
A: almost no armour, amphibious, 8 rings, camouflage 1, gelatinous body 1,
(nimble swimmer 1), tentacles
a: no special abilities


You were on level 4 of the Dungeon.
You visited 1 branch of the dungeon, and saw 4 of its levels.

You collected 153 gold pieces.

Inventory:

Hand Weapons
 d - the +4 broad axe of Causality {pain, rElec Dex+7}
   (You acquired it on level 2 of the Dungeon)

   In the hands of one skilled in necromantic magic, it inflicts extra damage on
   living creatures.
   Dex:       It affects your dexterity (+7).
   rElec:     It insulates you from electricity.
 e - the +7 staff of the Meek (weapon) {protect, meekguard}
   (You found it on level 3 of the Dungeon)

   It grants its wielder temporary protection when it strikes (+7 to AC).
   It provides extra protection to wielders with little health.
 g - a +4 dagger of freezing
 w - a +0 sling
Missiles
 b - 5 boomerangs
 q - 4 poisoned darts
Magical Staves
 r - a staff of fire
Wands
 s - a wand of mindburst (7)
Scrolls
 c - 6 scrolls of teleportation
 f - a scroll of silence
 i - a scroll of blinking
 j - a scroll of enchant armour {unknown}
 k - a scroll of butterflies {unknown}
 m - a scroll of identify
 n - 2 scrolls of amnesia {unknown}
 o - a scroll of immolation {unknown}
Potions
 a - a potion of lignification
 h - a potion of ambrosia
 l - a potion of haste
 p - a potion of curing


   Skills:
 + Level 3.1 Fighting
 * Level 3.6 Axes
 - Level 2.1 Dodging
 - Level 3.6 Unarmed Combat
 - Level 2.3 Spellcasting
 + Level 2.4 Necromancy
 - Level 2.9 Transmutations


You had 3 spell levels left.
You knew the following spells:

 Your Spells              Type           Power      Damage    Failure   Level
a - Beastly Appendage     Tmut           20%        N/A       6%          1
b - Wereblood             Tmut           10%        N/A       10%         2
c - Spider Form           Tmut/Pois      6%         N/A       34%         3

Your spell library contained the following spells:

 Spells                   Type           Power      Damage    Failure   Level
 Blink                    Tloc           2%         N/A       32%         2
 Lesser Beckoning         Tloc           1%         N/A       54%         3
 Ice Form                 Ice/Tmut       6%         N/A       75%         4
 Manifold Assault         Tloc           1%         N/A       99%         5


Dungeon Overview and Level Annotations

Branches:
Dungeon (4/15)
 Temple: D:4-7

Altars:


Innate Abilities, Weirdness & Mutations

You cannot wear most types of armour.
You are amphibious.
You can wear up to eight rings at the same time.
Your skin changes colour to match your surroundings (Stealth+).
Your rubbery body absorbs attacks. (AC +1, EV +1)
((You are camouflaged when in or above water. (Stealth+)))
You have tentacles for arms and can constrict up to eight enemies at once.


Message History

You howl as the wereblood boils in your veins!
Your primal bloodlust has ended.
Found a stone staircase leading up.
There is a stone staircase leading up here. 2 wights come into view.
A wight is wielding a +3 trident of freezing.
A wight is wielding a +3 war axe of freezing.
Found 12 gold pieces.
Found a bone wand.
A wight comes into view. It is wielding a +0 halberd.
The wight misses you. The wight barely misses you.
You barely miss the wight. Your grab misses the wight. The wight misses you.
You hit the wight.
Your weapon exudes an aura of protection.
Your grab misses the wight. You squeeze the wight.
The wight is moderately damaged.
The wight hits you with a +3 trident of freezing.
You feel drained. The wight freezes you.
You closely miss the wight. Your grab misses the wight.
Your tentacle-slap misses the wight.
The wight is moderately damaged.
The wight hits you with a +3 trident of freezing!
The wight freezes you. The wight closely misses you.
You hit the wight. You grab the wight.
The wight is heavily damaged.
You constrict the wight. The wight barely misses you.
You thump the wight!
You destroy the wight!
Your life force feels restored.
You sock the wight! You grab the wight. You squeeze the wight.
The wight is severely damaged.
You constrict the wight, but do no damage.
The wight hits you with a +3 war axe of freezing!
* * * LOW HITPOINT WARNING * * *
You feel drained.
* * * LOW HITPOINT WARNING * * *
The wight freezes you.
* * * LOW HITPOINT WARNING * * *
The wight hits you with a +3 war axe of freezing.
You die...

z...####.#
.........#
...z.$...#
...#####.# #.#
#.# #.# #z# #@#
#.# #.# #.#
.#.....# #.#
.#.....### #.#
........#######.#
.... #.##......#
... #.##.######


You could see a wight.

Vanquished Creatures
  The ghost of javelincjr the Magician, an amateur DjCj (D:3)
  A wight (D:4)
  3 orc priests
  Jessica (D:2)
  5 adders
  An ufetubus (D:3)
  A worm (D:2)
  2 dart slugs
  15 orcs
  3 endoplasms (D:3)
  3 giant cockroaches (D:2)
  2 hobgoblins
  7 jackals (D:1)
  5 quokkas
  4 ball pythons
  6 bats
  4 frilled lizards
  4 goblins
  2 kobolds
  5 rats
75 creatures vanquished.

Vanquished Creatures (others)
  3 plants (D:1)
3 creatures vanquished.

Grand Total: 78 creatures vanquished

Notes
Turn   | Place    | Note
-------+----------+-------------------------------------------
     0 | D:1      | tizbic2 the Octopode Transmuter began the quest for the
                  | Orb.
     0 | D:1      | Reached XP level 1. HP: 13/13 MP: 3/3
    32 | D:1      | Reached XP level 2. HP: 10/18 MP: 5/5
   359 | D:1      | Found a faded altar of an unknown god.
   734 | D:2      | Reached XP level 3. HP: 23/23 MP: 6/6
   736 | D:2      | Noticed Jessica
   745 | D:2      | Killed Jessica
  1045 | D:2      | Identified a scroll of acquirement
  1045 | D:2      | Acquired the +4 broad axe of Causality {pain, rElec Dex+7}
  1155 | D:2      | Reached XP level 4. HP: 29/29 MP: 7/7
  1217 | D:2      | Learned a level 2 spell: Wereblood
  1687 | D:3      | Found a runed translucent gate.
  1691 | D:3      | Found a runed translucent gate.
  1691 | D:3      | Noticed javelincjr's ghost (amateur DjCj)
  1692 | D:3      | Found a runed translucent gate.
  1738 | D:3      | Reached skill level 1 in Axes
  1785 | D:3      | Found the +7 staff of the Meek {protect, meekguard}
  1814 | D:3      | Reached skill level 1 in Necromancy
  1814 | D:3      | Reached XP level 5. HP: 20/34 MP: 8/8
  2318 | D:3      | Learned a level 3 spell: Spider Form
  2531 | D:3      | Killed javelincjr's ghost
  2532 | D:3      | Reached XP level 6. HP: 9/41 MP: 6/9
  3005 | D:4      | Slain by a wight

Illustrated notes

Levels and vault maps discovered:
D:1:      minmay_arrival_stair_chambers, layout_basic,
          shapermc_ecumenical_altar_gd
D:2:      layout_loops_corners, chequers_garden, uniq_jessica
D:3:      layout_rooms, gammafunk_ghost_split, pf_guarded_unrand_meek
D:4:      layout_loops_ring

Skill      XL: |  1  2  3  4  5  6 |
---------------+-------------------+-----
Axes           | 1 3 |  3.6
Fighting       | 2 3 |  3.1
Necromancy     | 1 2 |  2.4
Dodging        | |  2.1
Unarmed Combat | |  3.6
Spellcasting   | |  2.3
Transmutations | |  2.9

Action                   |  1- 3 |  4- 6 || total
-------------------------+-------+-------++-------
Melee: Unarmed           |    33 |     1 ||    34
       Kick              |    10 |     4 ||    14
       Constrict         |    17 |    22 ||    39
       Tentacles         |     8 |    13 ||    21
       Whip              |    13 |       ||    13
       Punch             |     1 |       ||     1
       Broad axe         |     3 |    61 ||    64
       Quarterstaff      |       |    22 ||    22
 Fire: Sling             |       |     7 ||     7
 Cast: Beastly Appendage |     5 |     4 ||     9
       Wereblood         |       |     7 ||     7
  Use: Scroll            |     3 |     6 ||     9
       Potion            |       |     1 ||     1
 Stab: Sleeping          |     4 |     5 ||     9
Armor: Skin              |     1 |     7 ||     8
Dodge: Dodged            |    32 |    71 ||   103
